 Dungeon Sprint DCSS version 0.18-a0-1788-g92de1ac (webtiles) character file.

5600000 wvc the Axe Maniac (level 25, -40/250 HPs)
             Began as a Demonspawn Gladiator on Apr 19, 2016.
             Was the Champion of Makhleb.
             Killed from afar by a large bag of meat (52 damage)
             ... with an exploding inner flame
             ... in the Dungeon (Sprint VIII: "Arena of Blood").
             The game lasted 00:06:47 (56 turns).

wvc the Axe Maniac (Demonspawn Gladiator)             Turns: 56, Time: 00:06:47

Health: -40/250    AC:  9    Str: 17    XL:     25   Next: 55%
Magic:  0/54       EV: 36    Int: 12    God:    Makhleb [******]
Gold:   0          SH:  0    Dex: 22    Spells: 0 memorised, 78 levels left

rFire  . . .     SeeInvis +     l - +∞ Axe of Woe
rCold  . . .     Gourm    .     b - +0 leather armour
rNeg   . . .     Faith    .     (shield currently unavailable)
rPois  .         Spirit   +     (helmet unavailable)
rElec  .         Dismiss  .     (no cloak)
rCorr  .         Reflect  .     (no gloves)
SustAt .         Harm     .     (no boots)
MR     +....     NoTele   +     (no amulet)
Stlth  +++++++++.               (no ring)
                                (no ring)

@: somewhat resistant to hostile enchantments, incredibly stealthy
A: antennae 3, rugged brown scales 3, demonic guardian 3, augmentation 2, magic
shield, magic regeneration, magic link
a: Minor Destruction, Lesser Servant of Makhleb, Major Destruction, Greater
Servant of Makhleb, Renounce Religion


You were in the Dungeon.
You worshipped Makhleb.
Makhleb was exalted by your worship.
You were not hungry.

You visited 1 branch

Inventory:

Hand Weapons
 a - a +0 war axe
 l - the +∞ Axe of Woe (weapon)
   (You found it in the Dungeon)
Missiles
 d - 3 throwing nets (quivered)
Armour
 b - a +0 leather armour (worn)
 c - a +0 helmet
Jewellery
 m - a +200 ring of slaying
 n - a +250 ring of slaying
Scrolls
 k - a scroll of blinking
Potions
 e - a potion of curing
 g - a potion of heal wounds
 h - a potion of haste
 i - 2 potions of magic
 j - a potion of berserk rage
Comestibles
 f - a bread ration


   Skills:
 O Level 27 Fighting
 O Level 27 Axes
 O Level 27 Throwing
 O Level 27 Armour
 O Level 27 Dodging
 O Level 27 Stealth
 O Level 27 Unarmed Combat
 O Level 27 Spellcasting
 O Level 27 Invocations


You had 78 spell levels left.
You didn't know any spells.

Dungeon Overview and Level Annotations

Branches:
Dungeon (1/1)

Altars:
Makhleb


Innate Abilities, Weirdness & Mutations

You have a pair of large antennae on your head (SInv).
You are completely covered in rugged brown scales (AC +3, +7% HP).
A powerful demonic guardian rushes to your aid.
Your magical and physical power is enhanced at high health.
When hurt, damage is shared between your health and your magic reserves.
You regenerate magic rapidly.
When low on magic, you restore magic in place of health.


Message History

Ouch! That really hurt!
You hear a shout!
The bag of meat is engulfed in roaring flames.
The destroyer blinks!
You hear a shout!
The destroyer is engulfed in roaring flames.
The bag of meat is engulfed in roaring flames.
The large bag of meat is engulfed in roaring flames.
The large bag of meat hits you with a +9 giant spiked club!!!!
* * * LOW HITPOINT WARNING * * *
The bag of meat is engulfed in roaring flames.
You hear a shout! x3
A hydra and an ogre come into view.
Items here: )))))) ====== † The bag of meat shouts!
You hit the large bag of meat.
You chop the large bag of meat into pieces.
The large bag of meat explodes!
The fiery explosion engulfs you!
You die...

.... {{ o....
{.{ o.o. #{{ {
.V# {#.. oX#{
.###.. {{oo###..
.....o###zo...oD
...OLo)O@§Oo....
....#§V§§o#O....
. #_)<)_#{ ...
#....§# .
....._....o
......###.....{
.###.. ..###.
#.. ..# #.. ..#


You could see a tyrant, an eight-headed meat hydra, 2 destroyers, a sculptor of
flesh, a large abomination, 4 meat berserkers and 10 bags of meat.

Vanquished Creatures
  5 vampire knights (D)
  11 ogres (D)
  28 orcs (D)
  3 hill giants (D)
  A skeletal warrior (D)
  2 large abominations (D)
  3 small abominations (D)
  A crawling corpse (D)
54 creatures vanquished.

Vanquished Creatures (others)
  A small abomination (D)
1 creature vanquished.

Grand Total: 55 creatures vanquished

Notes
Turn   | Place    | Note
--------------------------------------------------------------
     0 | D        | wvc the Demonspawn Gladiator began the quest for the Orb.
     0 | D        | Reached XP level 1. HP: 16/16 MP: 1/1
     3 | D        | Noticed a bag of meat
     4 | D        | Became a worshipper of Makhleb the Destroyer
     7 | D        | namelastname112: в обычной игре бы такой топор
     7 | D        | wvc: в нетхаке попадалась ложка, ваншотающая любого монстра, в которого метнёшь
     7 | D        | wvc: одноразовая, правда
     9 | D        | Noticed a bag of meat
    11 | D        | Noticed a meat berserker
    13 | D        | Noticed a meat berserker
    14 | D        | Noticed a bag of meat
    14 | D        | Killed a meat berserker
    14 | D        | Reached skill level 27 in Axes
    14 | D        | Gained mutation: You have a pair of small antennae on your head. [demonic ancestry]
    14 | D        | Reached XP level 2. HP: 14/24 MP: 2/2
    14 | D        | Gained mutation: You are partially covered in rugged brown scales (AC +1, +3% HP). [demonic ancestry]
    14 | D        | Reached XP level 3. HP: 14/29 MP: 3/3
    14 | D        | Gained mutation: You have a pair of antennae on your head. [demonic ancestry]
    14 | D        | Reached XP level 4. HP: 18/37 MP: 4/4
    14 | D        | Gained mutation: When hurt, damage is shared between your health and your magic reserves. [demonic ancestry]
    14 | D        | Reached XP level 5. HP: 21/42 MP: 5/5
    14 | D        | Gained mutation: A weak demonic guardian rushes to your aid. [demonic ancestry]
    14 | D        | Reached XP level 6. HP: 24/48 MP: 6/6
    14 | D        | Gained mutation: You are mostly covered in rugged brown scales (AC +2, +5% HP). [demonic ancestry]
    14 | D        | Reached XP level 7. HP: 24/54 MP: 7/7
    14 | D        | Reached XP level 8. HP: 27/61 MP: 8/8
    14 | D        | Gained mutation: You are completely covered in rugged brown scales (AC +3, +7% HP). [demonic ancestry]
    14 | D        | Reached XP level 9. HP: 27/68 MP: 9/9
    14 | D        | Gained mutation: Your magical and physical power is slightly enhanced at high health. [demonic ancestry]
    14 | D        | Reached XP level 10. HP: 29/74 MP: 10/10
    14 | D        | Gained mutation: You regenerate magic rapidly. [demonic ancestry]
    14 | D        | Reached XP level 11. HP: 31/80 MP: 11/11
    14 | D        | Gained mutation: You have a pair of large antennae on your head (SInv). [demonic ancestry]
    14 | D        | Reached XP level 12. HP: 34/87 MP: 12/12
    14 | D        | namelastname112: лол, демоник гардиан
    14 | D        | namelastname112: мда
    14 | D        | Reached XP level 13. HP: 37/93 MP: 13/13
    15 | D        | Noticed a bag of meat
    15 | D        | Noticed a meat berserker
    15 | D        | Noticed a meat berserker
    15 | D        | Killed a meat berserker
    15 | D        | Reached * piety under Makhleb
    15 | D        | Reached skill level 5 in Armour
    15 | D        | Gained mutation: Your magical and physical power is enhanced at high health. [demonic ancestry]
    15 | D        | Reached XP level 14. HP: 26/120 MP: 8/14
    15 | D        | Killed a meat berserker
    15 | D        | Reached XP level 15. HP: 29/134 MP: 8/15
    15 | D        | Reached ** piety under Makhleb
    15 | D        | Reached skill level 15 in Fighting
    16 | D        | namelastname112: на алтарь
    16 | D        | namelastname112: наступи
    16 | D        | wvc: oзачем?
    16 | D        | namelastname112: ну
    16 | D        | namelastname112: хп
    18 | D        | Noticed a meat berserker
    19 | D        | Noticed a meat berserker
    19 | D        | Killed a meat berserker
    19 | D        | Reached skill level 10 in Armour
    19 | D        | Gained mutation: A demonic guardian rushes to your aid. [demonic ancestry]
    19 | D        | Reached XP level 16. HP: 34/151 MP: 9/16
    19 | D        | Reached *** piety under Makhleb
    19 | D        | Reached skill level 27 in Dodging
    19 | D        | namelastname112: тут без хлеба гроб гроб
    20 | D        | Noticed a destroyer
    21 | D        | Gained mutation: A powerful demonic guardian rushes to your aid. [demonic ancestry]
    21 | D        | Reached XP level 17. HP: 180/180 MP: 9/17
    22 | D        | Noticed a large bag of meat
    22 | D        | Reached **** piety under Makhleb
    22 | D        | Reached skill level 27 in Fighting
    22 | D        | Reached skill level 15 in Armour
    23 | D        | Killed a meat berserker
    23 | D        | Reached XP level 18. HP: 194/194 MP: 9/18
    24 | D        | Killed a destroyer
    24 | D        | Reached ***** piety under Makhleb
    24 | D        | Reached skill level 27 in Armour
    24 | D        | Killed a meat berserker
    24 | D        | Reached skill level 27 in Invocations
    24 | D        | Reached XP level 19. HP: 202/202 MP: 10/36
    25 | D        | namelastname112: тут потом такие мобы пойдут
    25 | D        | namelastname112: охуеешь
    26 | D        | Reached ****** piety under Makhleb
    26 | D        | Reached skill level 27 in Stealth
    27 | D        | Reached skill level 15 in Throwing
    27 | D        | Reached XP level 20. HP: 210/210 MP: 11/37
    31 | D        | Noticed a destroyer
    32 | D        | Noticed a destroyer
    33 | D        | Noticed a meat berserker
    34 | D        | Noticed a meat berserker
    34 | D        | Killed a destroyer
    34 | D        | Reached skill level 27 in Throwing
    34 | D        | Gained mutation: When low on magic, you restore magic in place of health. [demonic ancestry]
    34 | D        | Reached XP level 21. HP: 218/218 MP: 10/38
    35 | D        | Reached skill level 1 in Unarmed Combat
    35 | D        | Reached skill level 1 in Spellcasting
    36 | D        | namelastname112: мутации конечно мде
    36 | D        | Killed a destroyer
    38 | D        | Reached XP level 22. HP: 226/226 MP: 12/48
    40 | D        | Reached skill level 27 in Unarmed Combat
    40 | D        | Reached skill level 27 in Spellcasting
    41 | D        | Reached XP level 23. HP: 234/234 MP: 12/54
    43 | D        | Noticed a destroyer
    43 | D        | Noticed a destroyer
    44 | D        | Noticed a destroyer
    44 | D        | Noticed a destroyer
    45 | D        | Noticed a destroyer
    45 | D        | Killed a destroyer
    45 | D        | Reached XP level 24. HP: 242/242 MP: 14/54
    46 | D        | Killed a destroyer
    48 | D        | Reached XP level 25. HP: 250/250 MP: 14/54
    51 | D        | namelastname112: не
    51 | D        | namelastname112: забей на кольца
    51 | D        | namelastname112: они ничего не дадут
    53 | D        | Noticed a tyrant
    53 | D        | namelastname112: у тебя уже бесконечный дамаг и точность
    55 | D        | HP: 12/250 [large bag of meat/+9 giant spiked club (72)]
    56 | D        | Killed from afar by a large bag of meat

Vault maps used:
D:        meatsprint

Skill      XL: |  1  2  3  4  5  6  7  8  9 10 11 12 13 14 15 16 17 18 19 20 21 22 |
---------------+-------------------------------------------------------------------+-----
Axes           | 27 | 27.0
Fighting       | 3 11 14 17 25 27 | 27.0
Dodging        | 6 17 22 26 27 | 27.0
Armour         | 5 8 10 14 24 27 | 27.0
Invocations    | 27 | 27.0
Stealth        | 14 27 | 27.0
Throwing       | 15 27 | 27.0
Unarmed Combat | 22 27 | 27.0
Spellcasting   | 22 27 | 27.0

Action                   |  1- 3 |  4- 6 |  7- 9 | 10-12 | 13-15 | 16-18 | 19-21 | 22-24 | 25-27 || total
-------------------------+-------+-------+-------+-------+-------+-------+-------+-------+-------++-------
Melee: Executioner's axe |     1 |       |       |       |     2 |     5 |    11 |     8 |     5 ||    32
Dodge: Dodged            |       |       |       |       |       |       |     1 |       |     1 ||     2
